 Dungeon Crawl Stone Soup version 0.27.1-1-g398f81649c (webtiles) character file.

Game seed: 12340012556896919836

4 Icepheonix32 the Sneak (level 1, 0/14 HPs)
             Began as a Kobold Delver on Sept 17, 2021.
             Succumbed to an adder's poison
             ... on level 4 of the Dungeon.
             The game lasted 00:01:17 (428 turns).

Icepheonix32 the Sneak (Kobold Delver)               Turns: 428, Time: 00:01:17

Health: 0/14       AC:  3    Str:  9    XL:     1   Next: 77%
Magic:  1/1        EV: 14    Int: 11    God:
Gold:   16         SH:  0    Dex: 16    Spells: 0/0 levels left

rFire    . . .     SeeInvis .   a - +0 short sword
rCold    . . .     Faith    .   (shield restricted)
rNeg     . . .     Spirit   .   b - +0 leather armour
rPois    .         Reflect  .   (no helmet)
rElec    .         Harm     .   (no cloak)
rCorr    .         Rampage  .   (no gloves)
Will     .....                  (no boots)
Stlth    ++++......             (no amulet)
HPRegen  0.04/turn              (no ring)
MPRegen  0.07/turn              (no ring)

@: lethally poisoned (0 -> -7)
A: small, no large weapons, nightstalker 3
a: no special abilities


You were on level 4 of the Dungeon.
You visited 1 branch of the dungeon, and saw 2 of its levels.

You collected 16 gold pieces.

Inventory:

Hand Weapons
 a - a +0 short sword (weapon)
Missiles
 d - 7 atropa-tipped darts
 j - 7 boomerangs (quivered)
Armour
 b - a +0 leather armour (worn)
Wands
 g - a wand of digging (3)
 k - a wand of acid (7)
Scrolls
 c - a scroll of fog
 e - a scroll of fear
 h - 2 scrolls of blinking {unknown}
 i - a scroll of teleportation {unknown}
 l - 2 scrolls of enchant armour {unknown}
Potions
 f - a potion of haste
 m - a potion of might {unknown}


   Skills:
 - Level 3.2 Fighting
 - Level 2.6 Short Blades
 + Level 2.4 Dodging
 * Level 6.9 Stealth


You couldn't memorise any spells.
You didn't know any spells.
Your spell library contained the following spells:

 Spells                   Type           Power      Damage    Failure   Level
 Summon Lightning Spire   Summ/Air       0%         N/A       99%         4
 Storm Form               Tmut/Air       0%         N/A       100%        7
 Maxwell's Capacitive Co  Air            0%         ∞         100%        8


Dungeon Overview and Level Annotations

Branches:
Dungeon (5/15)
 Temple: D:4-7

Altars:
Nemelex Xobeh


Innate Abilities, Weirdness & Mutations

You are small and have problems with some larger weapons.
You are completely attuned to the shadows.


Message History

The kobold closely misses you.
You closely miss the kobold. The kobold misses you.
You hit the kobold.
You kill the kobold!
Things that are here:
a +0 whip; a kobold corpse
Things that are here:
a +0 whip; a kobold corpse You hear the slow hiss of an avalanche of sand very nearby.
Aiming: Dig
Press: ? - help, Shift-Dir - straight line Digging in that direction won't affect any walls.
A stone wall.
Okay, then.
You hear the slow hiss of an avalanche of sand very nearby.
An adder comes into view.
The adder hisses angrily.
The adder misses you. The adder bites you.
You are poisoned.
The adder poisons you!
You miss the adder.
You feel sick. The adder bites you.
You are too injured to fight recklessly!
You hit the adder.
The adder is lightly wounded.
You feel sick. The adder misses you.
You miss the adder.
The adder is lightly wounded.
You feel sick. The adder completely misses you.
You closely miss the adder.
The adder is lightly wounded.
You feel sick. The adder barely misses you. The adder closely misses you.
You hit the adder.
The adder is moderately wounded.
You feel sick. The adder bites you.
* * * LOW HITPOINT WARNING * * *
You are more poisoned.
The adder poisons you!
You hit the adder.
The adder is moderately wounded.
You die...

****,* **,,,,,** #.#
,,,,,* ***,*** #.# ****,*
*,* #.#
****,********∩*********#.#
,,,,,,,,,,,,,,,,,,,,,,*#.#
****,,,,,,,,,,,,,,,,,,*#.#
*,*,,,,,,,,,,,,,,,,*#.#
****,*,*****.######****#.#
,,,,,,,,,,,,...S@.######.#
************#####........#
##########


You could see an adder.

Vanquished Creatures
  2 orcs (D:5)
  A kobold (D:4)
3 creatures vanquished.

Vanquished Creatures (others)
  7 fungi (D:5)
7 creatures vanquished.

Grand Total: 10 creatures vanquished

Notes
Turn   | Place    | Note
-------+----------+-------------------------------------------
     0 | D:5      | Icepheonix32 the Kobold Delver began the quest for the Orb.
     0 | D:5      | Reached XP level 1. HP: 14/14 MP: 1/1
    37 | D:5      | Found a sparkling altar of Nemelex Xobeh.
   428 | D:4      | Succumbed to an adder's poison

Illustrated notes

Levels and vault maps discovered:
D:4:      minmay_chambers_of_fours, layout_loops_ring,
          mainiacjoe_overflow_brackets, gammafunk_ghost_gnarly_gnolls,
          chequers_ossuary_entry_cave, uniq_menkaure
D:5:      layout_loops_ring, mainiacjoe_overflow_chevrons,
          yredelemnul_altar_generic, nzn_wu_jian_council_hall

Action                   || total
-------------------------++-------
Melee: Short sword       ||    17
  Use: Scroll            ||     2
Dodge: Dodged            ||    10
